 Dungeon Crawl Stone Soup version 0.30.0-17-ge0270778cf (webtiles) character file.

Game seed: 16432331679620619960

404 monsoonserge the Sneak (level 7, -3/37 HPs)
             Began as a Kobold Enchanter on May 23, 2023.
             Slain by a kobold brigand
             ... wielding a +0 club
              (5 damage)
             ... in a sewer.
             The game lasted 00:10:07 (3867 turns).

monsoonserge the Sneak (Kobold Enchanter)           Turns: 3867, Time: 00:10:08

Health: -3/37      AC:  3    Str:  5    XL:     7   Next: 12%
Magic:  2/11       EV: 14    Int: 19    God:
Gold:   113        SH:  0    Dex: 15    Spells: 3/11 levels left

rFire   . . .        u - +4 dagger
rCold   . . .        (no shield)
rNeg    . . .        h - +0 leather armour
rPois   .            (no helmet)
rElec   .            (no cloak)
rCorr   .            (no gloves)
SInv    .            (no boots)
Will    .....        (no amulet)
Stlth   ++           (no ring)
HPRegen 0.26/turn    (no ring)
MPRegen 0.12/turn

%: no passive effects
@: very slightly contaminated, slowed, very slow
A: small, no large weapons, nightstalker 3
a: no special abilities


You were in a sewer.
You visited 1 branch of the dungeon, and saw 4 of its levels.
You also visited: Sewer.

You collected 113 gold pieces.

Inventory:

Hand Weapons
 a - a +0 dagger of venom
 u - a +4 dagger (weapon)
Missiles
 x - 8 poisoned darts (quivered)
 y - a curare-tipped dart
Armour
 b - a +0 robe
 h - a +0 leather armour (worn)
 l - a +0 ring mail
Magical Staves
 f - a staff of conjuration
Wands
 q - a wand of charming (11)
Scrolls
 d - 2 scrolls of blinking {unknown}
 e - a scroll of vulnerability {unknown}
 g - a scroll of fog {unknown}
 j - 2 scrolls of teleportation {unknown}
 k - 3 scrolls of identify {unknown}
 n - a scroll of torment {unknown}
 p - a scroll of fear {unknown}
 s - a scroll of enchant weapon {unknown}
 t - a scroll of silence {unknown}
 v - a scroll of immolation {unknown}
 z - a scroll of acquirement {unknown}
Potions
 c - 2 potions of invisibility
 i - a potion of berserk rage {unknown}
 m - a potion of degeneration {unknown}
 r - a potion of heal wounds {unknown}
 w - a potion of cancellation {unknown}


   Skills:
 + Level 0.5 Fighting
 + Level 2.5 Short Blades
 * Level 2.0 Armour
 + Level 2.8 Dodging
 + Level 6.7 Stealth
 + Level 2.7 Spellcasting
 * Level 1.9 Conjurations
 + Level 3.7 Hexes
 * Level 1.9 Ice Magic


You had 3 spell levels left.
You knew the following spells:

 Your Spells              Type           Power      Damage    Failure   Level
a - Ensorcelled Hibernat  Hex/Ice        26%        N/A       12%         2
b - Confusing Touch       Hex            16%        N/A       16%         3
c - Dazzling Flash        Conj/Hex       26%        N/A       24%         3

Your spell library contained the following spells:

 Spells                   Type           Power      Damage    Failure   Level
 Tukima's Dance           Hex            16%        N/A       16%         3
 Hailstorm                Conj/Ice       9%         3d4       34%         3
 Vhi's Electric Charge    Tloc/Air       4%         N/A       58%         3
 Ice Form                 Ice/Tmut       6%         N/A       86%         4
 Arcjolt                  Conj/Air       3%         1d13      99%         5
 Plasma Beam              Fire/Air       1%         2x1d12    100%        6
 Simulacrum               Ice/Necr       3%         N/A       100%        6


Dungeon Overview and Level Annotations

Branches:
Dungeon (4/15)              Sewer (1/1)
 Temple: D:4-7

Altars:


Innate Abilities, Weirdness & Mutations

You are small and have problems with some larger weapons.
You are completely attuned to the shadows.


Message History

You feel very sick. The kobold brigand misses you.
Casting: Ensorcelled Hibernation (safe; 12% risk of failure)
Confirm with . or Enter, or press ? or * to list all spells.
Aiming: Ensorcelled Hibernation (safe; 12% risk of failure)
Press: ? - help, Shift-Dir - straight line, f - kobold brigand
Aim: a kobold brigand, wielding a +0 club and quivering curare-tipped darts (chance to affect: 47%)
The kobold brigand resists with some effort.
You feel sick. The kobold brigand barely misses you.
Casting: Ensorcelled Hibernation (safe; 12% risk of failure)
Confirm with . or Enter, or press ? or * to list all spells.
Aiming: Ensorcelled Hibernation (safe; 12% risk of failure)
Press: ? - help, Shift-Dir - straight line, f/p - kobold brigand
Aim: a kobold brigand, wielding a +0 club and quivering curare-tipped darts (chance to affect: 47%)
The kobold brigand resists with some effort.
You feel sick.
The kobold brigand hits you with a +0 club.
* * * LOW HITPOINT WARNING * * *
The kobold brigand splashes around in the water.
Casting: Ensorcelled Hibernation (safe; 12% risk of failure)
Confirm with . or Enter, or press ? or * to list all spells.
Aiming: Ensorcelled Hibernation (safe; 12% risk of failure)
Press: ? - help, Shift-Dir - straight line, f/p - kobold brigand
Aim: a kobold brigand, wielding a +0 club and quivering curare-tipped darts (chance to affect: 47%)
You miscast Ensorcelled Hibernation.
You are very lightly contaminated with residual magic.
Nothing appears to happen.
* * * LOW HITPOINT WARNING * * *
You feel sick.
The kobold brigand splashes around in the water.
Casting: Ensorcelled Hibernation (safe; 12% risk of failure)
Confirm with . or Enter, or press ? or * to list all spells.
Aiming: Ensorcelled Hibernation (safe; 12% risk of failure)
Press: ? - help, Shift-Dir - straight line, f/p - kobold brigand
Aim: a kobold brigand, wielding a +0 club and quivering curare-tipped darts (chance to affect: 47%)
The kobold brigand resists with some effort.
You feel sick.
You are no longer poisoned.
The kobold brigand hits you with a +0 club.
You die...

#.~~# #~~.# #~~.#
..~~# ####### .~~.#
#####~~~~.#
...########.~.~~#####
~####~~.~~~~###~~~).#
## #.~~.~~~~# #######
####.~....~~###~@K~.#
~##.~~.####~~~~~#####
..~)..## #####~~~~.
.~.~~## ###### .~~~~#
~~.~~# ~.~~~# .~.~~#
~


You could see a kobold brigand.

Vanquished Creatures
  3 kobold brigands (Sewer)
  An orc priest (D:3)
  9 adders
  4 worms
  5 orcs
  10 ball pythons
  7 endoplasms
  2 giant cockroaches
  7 goblins
  4 hobgoblins
  6 jackals
  7 bats
  2 frilled lizards
  7 kobolds
  5 rats
79 creatures vanquished.

Notes
Turn   | Place    | Note
-------+----------+-------------------------------------------
     0 | D:1      | monsoonserge the Kobold Enchanter began the quest for the
                  | Orb.
     0 | D:1      | Reached XP level 1. HP: 10/10 MP: 3/3
   142 | D:1      | Reached XP level 2. HP: 15/15 MP: 5/5
   375 | D:1      | Learned a level 2 spell: Ensorcelled Hibernation
  1252 | D:2      | Reached XP level 3. HP: 19/19 MP: 3/6
  1923 | D:3      | Reached skill level 5 in Stealth
  1977 | D:3      | Learned a level 3 spell: Confusing Touch
  2040 | D:3      | Reached XP level 4. HP: 24/24 MP: 4/7
  2087 | D:3      | Reached skill level 1 in Ice Magic
  2228 | D:3      | Reached XP level 5. HP: 28/28 MP: 8/8
  2452 | D:3      | Learned a level 3 spell: Dazzling Flash
  2543 | D:3      | Reached skill level 1 in Conjurations
  2712 | D:3      | Reached skill level 1 in Armour
  2766 | D:3      | Found a faded altar of an unknown god.
  2933 | D:4      | Found a glowing drain.
  2953 | Sewer    | Entered a sewer
  3075 | Sewer    | Reached skill level 6 in Stealth
  3156 | Sewer    | Noticed a kobold brigand
  3167 | Sewer    | Killed a kobold brigand
  3168 | Sewer    | Reached XP level 6. HP: 15/33 MP: 0/9
  3706 | Sewer    | Reached XP level 7. HP: 5/37 MP: 3/11
  3867 | Sewer    | Slain by a kobold brigand

Illustrated notes

Levels and vault maps discovered:
D:1:      minmay_arrival_glassed_features, layout_basic
D:2:      layout_basic
D:3:      layout_basic, hellmonk_ecumenical_altar_crossroads
D:4:      layout_loops_ring, grunt_temple_overflow_diamond,
          minmay_temple_entry_nine_rooms, cheibrodos_sewer_entry_drain,
          amcnicky_mini_corridor_feature, minmay_door_square, uniq_grinder
Sewer:    sewer_co_tree

Skill      XL: |  1  2  3  4  5  6  7 |
---------------+----------------------+-----
Stealth        | 5 6 |  6.7
Ice Magic      | 1 |  1.9
Short Blades   | 2 |  2.5
Conjurations   | 1 |  1.9
Armour         | 1 2 |  2.0
Fighting       | |  0.5
Dodging        | |  2.8
Spellcasting   | |  2.7
Hexes          | |  3.7

Action                     |  1- 3 |  4- 6 |  7- 9 || total
---------------------------+-------+-------+-------++-------
  Melee: Dagger            |    67 |    85 |     5 ||   157
   Cast: Ensorcelled Hiber |     5 |    27 |     6 ||    38
         Dazzling Flash    |       |     2 |       ||     2
  Evoke: Wand              |       |     1 |       ||     1
    Use: Potion            |       |     1 |     1 ||     2
   Stab: Sleeping          |    23 |    33 |     3 ||    59
         Distracted        |       |     1 |       ||     1
         Invisible         |       |     1 |       ||     1
 Armour: Leather armour    |    11 |    12 |     1 ||    24
         Robe              |     1 |       |       ||     1
  Dodge: Dodged            |    35 |    51 |     4 ||    90
